 Dungeon Crawl Stone Soup version 0.24.0-123-gd5b16e6ec5 (webtiles) character file.

Game seed: 4716561669625307395, levelgen mode: deterministic

23 Bluestream the Skirmisher (level 2, -3/28 HPs)
             Began as a Hill Orc Fighter on Feb 4, 2020.
             Slain by an adder (4 damage)
             ... on level 1 of the Dungeon.
             The game lasted 00:00:47 (558 turns).

Bluestream the Skirmisher (Hill Orc Fighter)         Turns: 558, Time: 00:00:48

Health: -3/28      AC:  7    Str: 18    XL:     2   Next: 95%
Magic:  2/2        EV:  7    Int:  8    God:
Gold:   95         SH:  9    Dex: 10    Spells: 1/1 levels left

rFire    . . .     SeeInvis .   a - +0 war axe
rCold    . . .     Gourm    .   c - +0 shield
rNeg     . . .     Faith    .   b - +0 scale mail
rPois    .         Spirit   .   (no helmet)
rElec    .         Reflect  .   (no cloak)
rCorr    .         Harm     .   h - -1 pair of gloves (curse)
MR       .....                  (no boots)
Stlth    ..........             (no amulet)
HPRegen  0.09/turn              (no ring)
MPRegen  0.08/turn              (no ring)

@: lethally poisoned (-3 -> -13)
A: no striking features
a: no special abilities


You were on level 1 of the Dungeon.
You were not hungry.

You visited 1 branch of the dungeon, and saw 2 of its levels.

You collected 95 gold pieces.

Inventory:

Hand Weapons
 a - a +0 war axe (weapon)
Armour
 b - a +0 scale mail (worn)
 c - a +0 shield (worn)
 h - a cursed -1 pair of gloves (worn)
Scrolls
 e - a scroll of remove curse {unknown}
 g - a scroll of enchant armour {unknown}
 i - 2 scrolls of fear {unknown}
 j - a scroll of blinking {unknown}
 k - a scroll of teleportation {unknown}
 l - a scroll of identify {unknown}
Potions
 d - a potion of might
 m - a potion of invisibility {unknown}
Comestibles
 f - 5 rations


   Skills:
 + Level 4.3 Fighting
 + Level 3.7 Axes
 - Level 3.2 Armour
 - Level 3.2 Shields


You had one spell level left.
You didn't know any spells.
Your spell library was empty.

Dungeon Overview and Level Annotations

Branches:
Dungeon (2/15)

Altars:
Nemelex Xobeh


Message History

You feel sick.
There is a stone staircase leading down here.
You hit the adder but do no damage.
The adder is moderately wounded.
You closely miss something. You barely miss the orc.
You closely miss the adder.
* * * LOW HITPOINT WARNING * * *
You feel sick. The adder bites you but does no damage.
You block the adder's attack. Something hits you but does no damage.
Deactivating autopickup; reactivate with Ctrl-A.
You block the adder's attack. You block the orc's attack.
The adder completely misses you. Something hits you.
* * * LOW HITPOINT WARNING * * *
You hit the adder.
The adder is heavily wounded.
You closely miss something. You closely miss the orc. You hit the adder.
* * * LOW HITPOINT WARNING * * *
You feel sick. You block the adder's attack. You block the orc's attack.
The adder bites you.
You die...

.# #..# #..## .#
#..# #...# .# ##..#
#.#.# .# ##...#
#.#.# .###....###
#)#.# ..........#
#...# .###....#.#
##..# .# ##.#.#.#
#SS# .# #.#.#.#
#@.# .####.#.#.#
#.o# ......#.#.#
#..# ...(..#.#.#
#..#
..........######..#
.###..............#
............#####.#
.###.##.#.........#
.....##.#...#######


You could see 2 adders and an orc.

Vanquished Creatures
  2 dart slugs (D:1)
  An orc (D:2)
  3 giant cockroaches (D:1)
  3 hobgoblins (D:1)
  4 bats (D:1)
  2 goblins (D:1)
  A kobold (D:1)
  2 rats (D:1)
18 creatures vanquished.

Notes
Turn   | Place    | Note
-------+----------+-------------------------------------------
     0 | D:1      | Bluestream the Hill Orc Fighter began the quest for the
                  | Orb.
     0 | D:1      | Reached XP level 1. HP: 19/19 MP: 1/1
   151 | D:1      | Reached XP level 2. HP: 27/27 MP: 2/2
   180 | D:1      | Reached skill level 4 in Fighting
   410 | D:1      | Found a sparkling altar of Nemelex Xobeh.
   557 | D:1      | HP: 1/28 [something (1)]
   558 | D:1      | Slain by an adder

Levels and vault maps discovered:
D:1:      nagdon_arrival_double_spiral, layout_loops_ring,
          nemelex_xobeh_ov_fountains_minmay
D:2:      layout_rooms, lemuel_doored_altar,
          chequers_ecumenical_altar_simple_redux, first_ration,
          cheibrodos_gnoll_hut

Skill      XL: |  1  2 |
---------------+-------+-----
Axes           | 3 |  3.7
Fighting       | 4 |  4.3
Armour         | |  3.2
Shields        | |  3.2

Action                   || total
-------------------------++-------
Melee: War axe           ||    46
Armor: Scale mail        ||    20
Dodge: Dodged            ||    19
Block: Shield            ||    38
